 Dungeon Crawl Stone Soup version 0.28-a0-1117-g0bdd5ba030 (webtiles) character file.

Game seed: 8893160698905908558

164 SensoryNuts the Ducker (level 5, -1/39 HPs)
             Began as a Demonspawn Gladiator on Dec 11, 2021.
             Was a Follower of Kikubaaqudgha.
             Killed by nerve-wracking pain
             ... invoked by an orc priest
              (6 damage)
             ... on level 5 of the Dungeon.
             The game lasted 00:04:00 (3504 turns).

SensoryNuts the Ducker (Demonspawn Gladiator)       Turns: 3504, Time: 00:04:00

Health: -1/39      AC:  4    Str: 16    XL:     5   Next: 21%
Magic:  5/5        EV: 12    Int: 10    God:    Kikubaaqudgha [*.....]
Gold:   127        SH:  0    Dex: 14    Spells: 1/4 levels left

rFire   . . .      SeeInvis .   e - +4 dagger (venom)
rCold   . . .      Faith    +   (no shield)
rNeg    . . .      Spirit   .   b - +0 leather armour
rPois   .          Reflect  .   c - +0 helmet
rElec   .          Harm     .   (no cloak)
rCorr   .          Rampage  .   (no gloves)
Will    .....                   (no boots)
Stlth   +.........              h - amulet of faith
HPRegen 0.13/turn               (no ring)
MPRegen 0.09/turn               (no ring)

@: no status effects
A: claws 1
a: Renounce Religion, Receive Corpses


You were on level 5 of the Dungeon.
You worshipped Kikubaaqudgha.
Kikubaaqudgha was aware of your devotion.
You visited 1 branch of the dungeon, and saw 5 of its levels.

You collected 127 gold pieces.

Inventory:

Hand Weapons
 a - a +0 long sword
 e - a +4 dagger of venom (weapon)
Missiles
 d - 3 throwing nets (quivered)
Armour
 b - a +0 leather armour (worn)
 c - a +0 helmet (worn)
Jewellery
 h - an amulet of faith (around neck)
 j - a ring of ice
Scrolls
 g - 3 scrolls of identify
Potions
 f - 2 potions of flight
 i - a potion of curing


   Skills:
 + Level 2.6 Fighting
 + Level 1.4(2.5) Short Blades
 + Level 3.2(3.4) Long Blades
 + Level 1.9 Throwing
 + Level 2.2 Armour
 + Level 3.5 Dodging
 + Level 0.5 Stealth


You had one spell level left.
You knew the following spells:

 Your Spells              Type           Power      Damage    Failure   Level
a - Vampiric Draining     Necr           0%         2d6       80%         3

Your spell library contained the following spells:

 Spells                   Type           Power      Damage    Failure   Level
 Pain                     Necr           0%         1d4       43%         1
 Corpse Rot               Necr/Air       0%         N/A       56%         2
 Sublimation of Blood     Necr           0%         N/A       56%         2
 Animate Armour           Summ/Erth      0%         N/A       99%         4
 Silence                  Hex/Air        0%         N/A       100%        5
 Iron Shot                Conj/Erth      0%         9d1       100%        6


Dungeon Overview and Level Annotations

Branches:
Dungeon (5/15)
 Temple: D:4-7

Altars:
Hepliaklqana
Kikubaaqudgha

Shops:
D:1 (


Innate Abilities, Weirdness & Mutations

You have sharp fingernails.


Message History

You are too injured to fight recklessly!
You are too injured to fight recklessly!
You are too injured to fight recklessly!
You are too injured to fight recklessly!
You are too injured to fight recklessly!
Unknown command.
The orc wizard shouts!
You hit the orc.
The orc is moderately wounded.
The orc barely misses you.
The orc priest looks encouraged for a moment.
The orc wizard casts a spell.
The orc wizard flickers and vanishes!
Deactivating autopickup; reactivate with Ctrl-A.
You hit the orc but do no damage.
The orc is poisoned.
The orc is moderately wounded.
The orc closely misses you. The orc priest barely misses you.
The orc wizard barely misses you.
You hit the orc wizard.
The orc wizard is poisoned.
The orc wizard is moderately wounded.
The orc barely misses you.
The orc priest hits you but does no damage.
The orc wizard points at you and mumbles some strange words.
The magic dart hits you!
* * * LOW HITPOINT WARNING * * *
The orc hits you with a +0 hand axe.
* * * LOW HITPOINT WARNING * * *
The orc throws a stone.
The stone barely misses you.
The orc priest mumbles some strange prayers to Beogh against you.
You barely resist.
Items here: ) = ††.
You kill the orc!
Kikubaaqudgha accepts your kill.
The orc wizard gestures wildly while chanting.
The orc wizard flickers and vanishes!
The orc priest looks satisfied for a moment.
The orc priest calls down the wrath of Beogh upon you.
Pain shoots through your body!
You die...
Kikubaaqudgha rasps: "You have failed me!
Welcome... death!"

#........###'##..##
###########..###+###
#...#.....#
#...'.....#
##..##..###
######..##
#...#....#
#...#....#..
#.@##.###'####
##..##.###....# .
#......+.<....#..
#......#......'.
##...o.##.....#
##.....##.....##.
#....?...........
#......).........
#................


You could see an orc priest.

Vanquished Creatures
  3 gnolls (D:3)
  6 adders
  2 dart slugs
  2 orcs (D:5)
  10 ball pythons
  8 bats
  7 endoplasms
  6 goblins
  6 hobgoblins
  4 jackals (D:1)
  6 kobolds
  3 quokkas
  6 frilled lizards
  6 rats
75 creatures vanquished.

Vanquished Creatures (others)
  8 plants (D:2)
8 creatures vanquished.

Grand Total: 83 creatures vanquished

Notes
Turn   | Place    | Note
-------+----------+-------------------------------------------
     0 | D:1      | SensoryNuts the Demonspawn Gladiator began the quest for
                  | the Orb.
     0 | D:1      | Reached XP level 1. HP: 16/16 MP: 1/1
   127 | D:1      | Gained mutation: You have sharp fingernails. [demonic
                  | ancestry]
   127 | D:1      | Reached XP level 2. HP: 21/22 MP: 2/2
   352 | D:1      | Found Reqos's Antique Weapon Emporium.
   557 | D:1      | Reached XP level 3. HP: 28/28 MP: 3/3
  1420 | D:2      | Reached skill level 1 in Armour
  1883 | D:3      | Reached XP level 4. HP: 27/34 MP: 4/4
  2344 | D:3      | Reached skill level 1 in Short Blades
  2487 | D:3      | Found a faded altar of an unknown god.
  2597 | D:3      | Prayed at the altar of an unknown god.
  2597 | D:3      | Became a worshipper of Kikubaaqudgha
  2597 | D:3      | Reached * piety under Kikubaaqudgha
  2597 | D:3      | Received a gift from Kikubaaqudgha
  2669 | D:3      | Learned a level 3 spell: Vampiric Draining
  2677 | D:3      | Reached XP level 5. HP: 26/39 MP: 5/5
  2818 | D:3      | Found a faded altar of an unknown god.
  3103 | D:3      | Found a hazy altar of Hepliaklqana.
  3196 | D:4      | Noticed an ogre
  3221 | D:5      | Entered Level 5 of the Dungeon
  3237 | D:5      | Got the Grimoire of Ashen Bewitchment
  3504 | D:5      | Killed from afar by an orc priest

Illustrated notes

Levels and vault maps discovered:
D:1:      shiori_arrival_oz, layout_loops_ring, serial_shops, shop
D:2:      layout_basic, serial_bayou_ford_a
D:3:      layout_loops_cross, nicolae_overflow_ecumenical_swirl,
          dreamdust_ecumenical_altar_angels_and_demons
D:4:      layout_loops_ring, gammafunk_ghost_split, amethyst_killhole
D:5:      layout_gridville, temple_hall, gammafunk_ghost_necromancy,
          corexii_checkpoint_b

Skill      XL: |  1  2  3  4 |
---------------+-------------+-----
Dodging        | 3 |  3.5
Long Blades    | 3 |  3.2
Armour         | 1 2 |  2.2
Short Blades   | 1 |  1.4
Fighting       | |  2.6
Throwing       | |  1.9
Stealth        | |  0.5

Action                   |  1- 3 |  4- 6 || total
-------------------------+-------+-------++-------
Melee: Long sword        |    14 |       ||    14
       Dagger            |   114 |    80 ||   194
  Use: Scroll            |     1 |     3 ||     4
       Potion            |       |     1 ||     1
 Stab: Sleeping          |     1 |       ||     1
Armor: Leather armour    |    36 |    12 ||    48
Dodge: Dodged            |    98 |    56 ||   154

Table legend: (Time is in decaauts)
 A = Elapsed time spent in this place.
 B = Non-inter-level travel time spent in this place.
 C = Inter-level travel time spent in this place.
 D = Time resting spent in this place.
 E = Time spent auto-exploring this place.
 F = Levels seen in this place.
 G = Mean time per level.
                   A        B        C        D        E       F      G
               +--------+--------+--------+--------+--------+-----+--------+
         Total |   3496 |   3496 |      0 |      0 |   2792 |   5 |  699.2 |
       Dungeon |   3496 |   3496 |      0 |      0 |   2792 |   5 |  699.2 |
               +--------+--------+--------+--------+--------+-----+--------+

Top non-repeatable levels by time:
     D:3: 1344 daAuts
     D:1: 1001 daAuts
     D:2: 810 daAuts
     D:5: 280 daAuts
     D:4: 58 daAuts
